 Dungeon Crawl Stone Soup version 0.21.1-1-g345015f (webtiles) character file.

47607 sking99 the Bludgeoner (level 14, -10/122 HPs)
             Began as a Minotaur Fighter on June 28, 2018.
             Was a High Priest of Cheibriados.
             Mangled by an orc warrior
             ... wielding a +0 battleaxe
              (27 damage)
             ... on level 2 of the Orcish Mines.
             The game lasted 00:43:43 (17095 turns).

sking99 the Bludgeoner (Minotaur Fighter)          Turns: 17095, Time: 00:43:43

Health: -10/122    AC: 18    Str: 37    XL:     14   Next: 9%
Magic:  2/21       EV: 15    Int: 14    God:    Cheibriados [*****.]
Gold:   1341       SH:  0    Dex: 23    Spells: 8/13 levels left

rFire    + . .     SeeInvis .   W - +7 great mace (crush)
rCold    + + +     Gourm    .   (shield currently unavailable)
rNeg     . . .     Faith    .   H - +0 plate armour
rPois    +         Spirit   .   (helmet restricted)
rElec    .         Reflect  .   r - scarf {repulsion}
rCorr    .         Harm     .   S - +2 pair of gloves of the Iron Devil {MR+}
MR       ++...     NoTele   +   b - +0 pair of boots
Stlth    ..........             (no amulet)
HPRegen  0.30/turn              R - ring of Rossiss {-Tele rF+ rC+++ Str+2 Int-5}
MPRegen  0.17/turn              D - ring of poison resistance

@: repel missiles, very slow
A: retaliatory headbutt, horns 2
a: Bend Time, Temporal Distortion, Slouch, Step From Time, Renounce Religion


You were on level 2 of the Orcish Mines.
You worshipped Cheibriados.
Cheibriados was extremely pleased with you.
You were not hungry.

You visited 3 branches of the dungeon, and saw 19 of its levels.

You collected 1577 gold pieces.
You spent 236 gold pieces at shops.

Inventory:

Hand Weapons
 W - a +7 great mace of crushing (weapon)
Armour
 b - a +0 pair of boots (worn)
 r - a scarf of repulsion (worn)
 H - a +0 plate armour (worn)
 S - the +2 pair of gloves of the Iron Devil (worn) {MR+}
   (You found it on level 4 of the Lair of Beasts)

   It affects your resistance to hostile enchantments.
Jewellery
 a - an uncursed ring of stealth
 o - an uncursed ring of see invisible
 D - a ring of poison resistance (right hand)
 G - a +4 ring of dexterity
 L - an uncursed ring of protection from fire
 P - an uncursed ring of fire {unknown}
 R - the ring of Rossiss (left hand) {-Tele rF+ rC+++ Str+2 Int-5}
   (You found it on level 4 of the Lair of Beasts)

   [ring of protection from fire]

   It affects your strength (+2).
   It affects your intelligence (-5).
   It protects you from fire.
   It renders you almost immune to cold.
   It prevents most forms of teleportation.
 T - a +3 ring of protection {unknown}
Wands
 l - a wand of enslavement (18)
 s - a wand of polymorph (17)
 v - a wand of disintegration (15)
 I - a wand of iceblast (23)
Scrolls
 i - 5 scrolls of magic mapping
 m - 3 scrolls of amnesia
 q - 2 scrolls of enchant armour
 y - 5 scrolls of identify
 C - a scroll of immolation
 J - 3 scrolls of teleportation
 K - a scroll of blinking
 M - a scroll of silence
 N - 2 scrolls of remove curse
Potions
 c - a potion of invisibility {unknown}
 d - 2 potions of might
 e - 5 potions of lignification
 h - a potion of berserk rage {unknown}
 k - 2 potions of haste
 n - 3 potions of magic {unknown}
 p - 6 potions of flight
 t - 3 potions of brilliance
 w - 3 potions of agility
 x - a potion of heal wounds
 A - 8 potions of curing
 B - a potion of ambrosia {unknown}
Books
 g - a book of Necromancy

   Spells                             Type                      Level
   a - Pain                           Necromancy                   1
   b - Animate Skeleton               Necromancy                   1
   c - Vampiric Draining              Necromancy                   3
   d - Regeneration                   Charms/Necromancy            3
   e - Animate Dead                   Necromancy                   4
   f - Borgnjor's Vile Clutch         Necromancy/Earth             5
 u - a book of Frost

   Spells                             Type                      Level
   a - Freeze                         Ice                          1
   b - Throw Frost                    Conjuration/Ice              2
   c - Ozocubu's Armour               Charms/Ice                   3
   d - Throw Icicle                   Conjuration/Ice              4
   e - Summon Ice Beast               Ice/Summoning                4
 E - a book of Debilitation

   Spells                             Type                      Level
   a - Corona                         Hexes                        1
   b - Slow                           Hexes                        2
   c - Inner Flame                    Hexes/Fire                   3
   d - Portal Projectile              Hexes/Translocation          3
   e - Cause Fear                     Hexes                        4
   f - Leda's Liquefaction            Hexes/Earth                  4
 O - a book of Misfortune

   Spells                             Type                      Level
   a - Confusing Touch                Hexes                        1
   b - Confuse                        Hexes                        3
   c - Gell's Gravitas                Translocation                3
   d - Petrify                        Transmutation/Earth          4
   e - Metabolic Englaciation         Hexes/Ice                    5
   f - Yara's Violent Unravelling     Hexes/Transmutation          5
 U - a book of Spatial Translocations

   Spells                             Type                      Level
   a - Blink                          Translocation                2
   b - Shroud of Golubria             Charms/Translocation         2
   c - Lesser Beckoning               Translocation                3
   d - Gell's Gravitas                Translocation                3
   e - Teleport Other                 Translocation                3
   f - Passage of Golubria            Translocation                4
Comestibles
 f - 30 rations


   Skills:
 - Level 10.6 Fighting
 * Level 19.5 Maces & Flails
 - Level 7.8 Armour
 + Level 8.3 Dodging
   Level 3.6 Shields
 + Level 11.9 Invocations


You had 8 spell levels left.
You knew the following spells:

 Your Spells              Type           Power        Failure   Level  Hunger
a - Blink                 Tloc           N/A          94%         2    ###....
b - Regeneration          Chrm/Necr      #.........   99%         3    ####...


Dungeon Overview and Level Annotations

Branches:
Dungeon (11/15)            Temple (0/1) D:4            Lair (6/6) D:11
  Swamp (0/4) Lair:4        Snake (0/4) Lair:3        Slime (0/5) Lair:5
    Orc (2/2) D:9             Elf (0/3) Orc:2

Altars:
Cheibriados
Elyvilon
Gozag
Hepliaklqana
Kikubaaqudgha
Okawaru
Qazlal
Sif Muna
Trog
Uskayaw
Vehumet
Wu Jian
Xom
Yredelemnul
Zin
Jiyva

Shops:
D:4 ?   D:5 (=:!(


Innate Abilities, Weirdness & Mutations

You reflexively headbutt those who attack you in melee.
You have a pair of horns on your head.


Message History

You bludgeon the orc knight!!
You kill the orc knight!
Cheibriados appreciates the change of pace.
The orc warrior shoots a bolt.
The bolt hits you but does no damage.
The orc warrior shoots a bolt.
The bolt is repelled.
The centaur shoots an arrow.
The arrow barely misses you.
The orc warrior shoots a bolt.
The bolt hits you!
* * * LOW HITPOINT WARNING * * *
Items here: ( )) † an uncursed trident; an uncursed arbalest; 20 bolts; an orc corpse You don't have enough magic at the moment.
An orc warrior comes into view. It is wielding a scimitar.
The centaur closely misses you. You furiously retaliate!
You headbutt the centaur, but do no damage.
The centaur barely misses you. You furiously retaliate!
You headbutt the centaur!
The orc warrior unwields an uncursed arbalest.
The orc warrior wields an uncursed battleaxe.
The orc warrior hits you with an uncursed battleaxe!!
You die...

..........
o.........
##≈≈≈≈..o..
###≈≈≈≈o.....
##≈≈≈≈........
#≈≈≈o.....(... .≈≈
#≈≈co..(.(...#
...###..@##o(##..##
.......))o)))((....
....)..)()(..(.....
###...))#))....####
#...(.)(((#...#
##..........(##
#..((((.....##
#...#((.......###
#....#..........##
##


You could see 4 orc warriors and a centaur.

Vanquished Creatures
  Rupert (Lair:5)
  Gastronok (D:8)
  A dire elephant (Lair:6)
  The ghost of Th3D0c the Severer, a journeyman MiBe of Trog (Lair:1)
  An ogre mage (D:10)
  2 catoblepae
  The ghost of buskinjo the Frost Mage, a journeyman DrIE of Sif Muna (Lair:2)
  4 hydras
  4 two-headed ogres
  7 death yaks (Lair:6)
  A deep troll shaman (Lair:6)
  Urug (Lair:5)
  2 orc knights (Orc:2)
  Pikel (D:7)
  An ugly thing (D:11)
  2 cyclopes
  8 elephants
  A black mamba (Lair:6)
  11 spiny frogs
  3 rime drakes
  4 komodo dragons
  6 polar bears
  4 blink frogs (Lair:3)
  9 hippogriffs
  A vampire (D:10)
  A basilisk (Lair:2)
  Eustachio (D:5)
  21 yaks
  A soldier ant (shapeshifter) (D:10)
  4 nagas (Lair:3)
  4 wargs (D:9)
  An acid dragon (D:10)
  8 water moccasins
  A soldier ant (D:10)
  2 hell hounds (D:11)
  7 porcupines
  2 sky beasts
  13 orc warriors
  2 black bears
  A necrophage (D:10)
  2 ice beasts
  2 phantoms (D:8)
  8 wolves
  6 ogres
  15 centaurs
  7 crocodiles
  14 bullfrogs
  2 big kobolds
  A gnoll sergeant (D:11)
  A wyvern skeleton (D:10)
  2 scorpions
  9 wights (D:8)
  A water moccasin skeleton (D:5)
  3 killer bees (D:9)
  A howler monkey (D:5)
  6 jellies
  A bullfrog zombie (D:10)
  10 crimson imps
  2 hounds
  3 quasits
  2 centaur skeletons
  7 orc priests
  Jessica (D:3)
  Terence (D:3)
  5 iguanas
  7 worker ants
  9 orc wizards
  A killer bee zombie (D:7)
  A worker ant zombie (D:10)
  11 gnolls
  10 adders
  2 shadow imps
  5 oozes (D:8)
  An adder skeleton (D:9)
  3 dart slugs
  4 worms
  4 leopard geckos
  46 orcs
  9 bats
  9 giant cockroaches
  2 gnoll zombies (D:9)
  9 hobgoblins
  8 jackals
  13 kobolds
  5 quokkas
  2 ball pythons
  5 frilled lizards
  13 goblins
  A leopard gecko skeleton (D:7)
  A quokka zombie (D:6)
  7 rats
447 creatures vanquished.

Vanquished Creatures (others)
  An orc warrior (Orc:2)
  A sky beast (D:7)
  A crimson imp (D:7)
  8 fungi
  A plant (Lair:3)
12 creatures vanquished.

Grand Total: 459 creatures vanquished

Notes
Turn   | Place    | Note
-------+----------+-------------------------------------------
     0 | D:1      | sking99 the Minotaur Fighter began the quest for the Orb.
     0 | D:1      | Reached XP level 1. HP: 19/19 MP: 0/0
   163 | D:1      | Reached skill level 3 in Maces & Flails
   177 | D:1      | Reached XP level 2. HP: 27/27 MP: 1/1
   632 | D:1      | Reached skill level 4 in Maces & Flails
   632 | D:1      | Reached XP level 3. HP: 28/33 MP: 2/2
   999 | D:2      | Found a stormy altar of Qazlal.
  1233 | D:2      | Found a snail-covered altar of Cheibriados.
  1237 | D:2      | Reached XP level 4. HP: 38/41 MP: 3/3
  1243 | D:2      | Became a worshipper of Cheibriados the Contemplative
  1432 | D:3      | Found a radiant altar of Vehumet.
  1440 | D:3      | Reached skill level 5 in Maces & Flails
  1496 | D:3      | Reached XP level 5. HP: 47/47 MP: 4/4
  1601 | D:3      | Noticed Jessica
  1608 | D:3      | Killed Jessica
  1608 | D:3      | Reached skill level 5 in Fighting
  1680 | D:3      | Noticed Terence
  1691 | D:3      | Killed Terence
  1899 | D:3      | Reached * piety under Cheibriados
  1917 | D:3      | Reached skill level 6 in Maces & Flails
  1973 | D:3      | Reached XP level 6. HP: 37/56 MP: 5/5
  2096 | D:3      | Reached ** piety under Cheibriados
  2289 | D:4      | Reached skill level 7 in Maces & Flails
  2289 | D:4      | Reached skill level 1 in Invocations
  2323 | D:4      | Found Zin's Purification Station.
  2326 | D:4      | Found a glowing silver altar of Zin.
  2341 | D:4      | Bought a potion of curing for 90 gold pieces
  2476 | D:4      | Found a staircase to the Ecumenical Temple.
  2613 | D:4      | Found an ornate altar of the Wu Jian Council.
  2727 | D:4      | Found Upuirigi's Magic Scroll Boutique.
  2764 | D:4      | Reached XP level 7. HP: 49/63 MP: 7/7
  3009 | D:4      | Found an opulent altar of Gozag.
  3211 | D:4      | Found a stormy altar of Qazlal.
  3249 | D:5      | Entered Level 5 of the Dungeon
  3277 | D:5      | Reached skill level 8 in Maces & Flails
  3334 | D:5      | Found Cosmok's Weapon Shoppe.
  3358 | D:5      | Found Dison's Book Boutique.
  3376 | D:5      | Reached *** piety under Cheibriados
  3691 | D:5      | Found Povvux's Weapon Shop.
  3704 | D:5      | Reached XP level 8. HP: 71/71 MP: 9/9
  3710 | D:5      | Bought a +0 great mace of protection for 107 gold pieces
  3715 | D:5      | Noticed Eustachio
  3719 | D:5      | Reached skill level 9 in Maces & Flails
  3723 | D:5      | Killed Eustachio
  3897 | D:5      | Found Yramaji's Jewellery Emporium.
  3997 | D:5      | Found Biaged's Distillery.
  4001 | D:5      | Bought a potion of lignification for 39 gold pieces
  4117 | D:6      | Found an iron altar of Okawaru.
  4147 | D:6      | Found an ancient bone altar of Kikubaaqudgha.
  4192 | D:6      | Found an opulent altar of Gozag.
  4403 | D:6      | Reached skill level 10 in Maces & Flails
  4884 | D:7      | Noticed Pikel
  4891 | D:7      | Killed Pikel
  4891 | D:7      | Reached XP level 9. HP: 81/81 MP: 11/11
  4963 | D:7      | Reached **** piety under Cheibriados
  5077 | D:7      | Reached skill level 5 in Invocations
  5081 | D:7      | Reached skill level 11 in Maces & Flails
  5869 | D:8      | Found a hide-covered altar of Uskayaw.
  5942 | D:8      | Found a hazy altar of Hepliaklqana.
  6055 | D:8      | Found a shimmering altar of Xom.
  6116 | D:8      | Reached skill level 12 in Maces & Flails
  6190 | D:8      | Noticed Gastronok
  6202 | D:8      | Killed Gastronok
  6202 | D:8      | Reached skill level 10 in Fighting
  6202 | D:8      | Reached skill level 13 in Maces & Flails
  6202 | D:8      | Reached XP level 10. HP: 35/93 MP: 12/14
  6530 | D:8      | Found a bloodstained altar of Trog.
  6676 | D:8      | Reached ***** piety under Cheibriados
  6827 | D:8      | Found a deep blue altar of Sif Muna.
  6998 | D:9      | Found a staircase to the Orcish Mines.
  7001 | D:9      | Noticed a two-headed ogre
  7009 | D:9      | Killed a two-headed ogre
  7196 | D:9      | Found a white marble altar of Elyvilon.
  7263 | D:9      | Found a basalt altar of Yredelemnul.
  7421 | D:9      | Reached skill level 14 in Maces & Flails
  7514 | D:9      | Got an ichor-stained whip
  7515 | D:9      | Identified the +1 whip "Bobbic" {drain, MP+9 Dex+7} (You found it on level 9 of the Dungeon)
  7772 | D:10     | Entered Level 10 of the Dungeon
  8011 | D:10     | Reached XP level 11. HP: 101/101 MP: 15/15
  8742 | D:10     | Noticed a two-headed ogre
  8749 | D:10     | Killed a two-headed ogre
  8749 | D:10     | Reached skill level 5 in Armour
  8759 | D:10     | Noticed a two-headed ogre
  8762 | D:10     | Killed a two-headed ogre
  8820 | D:10     | Noticed an ogre mage
  8826 | D:10     | Paralysed by an ogre mage for 5 turns
  8831 | D:10     | Killed an ogre mage
  8831 | D:10     | Reached skill level 15 in Maces & Flails
  9158 | D:11     | Found a staircase to the Lair.
  9407 | D:11     | Noticed a two-headed ogre
  9414 | D:11     | Killed a two-headed ogre
  9574 | D:11     | Noticed a green ugly thing
  9582 | D:11     | Killed a green ugly thing
  9905 | Lair:1   | Entered Level 1 of the Lair of Beasts
  9914 | Lair:1   | Noticed Th3D0c's ghost (journeyman MiBe)
  9928 | Lair:1   | Killed Th3D0c's ghost
 10084 | Lair:1   | Reached skill level 16 in Maces & Flails
 10108 | Lair:1   | Reached XP level 12. HP: 87/108 MP: 16/18
 10447 | Lair:1   | Reached skill level 1 in Dodging
 10778 | Lair:1   | Reached ****** piety under Cheibriados
 11629 | Lair:2   | Reached skill level 10 in Invocations
 11681 | Lair:2   | Noticed buskinjo's ghost (journeyman DrIE)
 11700 | Lair:2   | Killed buskinjo's ghost
 11950 | Lair:2   | Reached skill level 17 in Maces & Flails
 12372 | Lair:3   | Noticed a catoblepas
 12380 | Lair:3   | Killed a catoblepas
 12533 | Lair:3   | Found a staircase to the Snake Pit.
 12998 | Lair:3   | Reached skill level 5 in Dodging
 13479 | Lair:4   | Found a staircase to the Swamp.
 13557 | Lair:4   | Reached XP level 13. HP: 114/114 MP: 19/19
 13569 | Lair:4   | Got a steaming iron ring
 13570 | Lair:4   | Identified the ring of Rossiss {-Tele rF+ rC+++ Str+2 Int-5} (You found it on level 4 of the Lair of Beasts)
 13671 | Lair:4   | Got a slimy chain mail
 13672 | Lair:4   | Identified the cursed +0 chain mail of the Distant Future {rC+++ rCorr Int-3 Slay-2} (You found it on level 4 of the Lair of Beasts)
 13742 | Lair:4   | Got a pair of polished gloves
 13743 | Lair:4   | Identified the +2 pair of gloves of the Iron Devil {MR+} (You found it on level 4 of the Lair of Beasts)
 13759 | Lair:4   | Got an ichor-stained scale mail
 13760 | Lair:4   | Identified the +4 scale mail of Racian {rPois Dex+4} (You found it on level 4 of the Lair of Beasts)
 14349 | Lair:5   | Noticed Rupert
 14355 | Lair:5   | Paralysed by Rupert for 4 turns
 14362 | Lair:5   | Killed Rupert
 14362 | Lair:5   | Reached skill level 18 in Maces & Flails
 14534 | Lair:5   | You fall through a shaft!
 14534 | Lair:6   | Entered Level 6 of the Lair of Beasts
 14679 | Lair:6   | Found a snail-covered altar of Cheibriados.
 14870 | Lair:6   | Noticed a dire elephant
 14879 | Lair:6   | Killed a dire elephant
 14879 | Lair:6   | Reached skill level 19 in Maces & Flails
 15909 | Lair:5   | Found a viscous altar of Jiyva.
 15910 | Lair:5   | Found a staircase to the Slime Pits.
 15964 | Lair:5   | Noticed Urug
 15972 | Lair:5   | Killed Urug
 16665 | Orc:1    | Entered Level 1 of the Orcish Mines
 16784 | Orc:2    | Entered Level 2 of the Orcish Mines
 17021 | Orc:2    | Found a staircase to the Elven Halls.
 17025 | Orc:2    | Learned a level 2 spell: Blink
 17029 | Orc:2    | Learned a level 3 spell: Regeneration
 17043 | Orc:2    | Reached XP level 14. HP: 116/122 MP: 13/21
 17095 | Orc:2    | Mangled by an orc warrior

Skill      XL: |  1  2  3  4  5  6  7  8  9 10 11 12 13 |
---------------+----------------------------------------+-----
Maces & Flails | 3 4 5 6 7 8 10 13 14 16 17 19 | 19.5
Fighting       | 4 5 6 8 10 | 10.6
Invocations    | 1 3 4 6 7 9 10 11 | 11.9
Armour         | 4 7 |  7.8
Dodging        | 5 8 |  8.3
Shields        | |  3.6

Action                   |  1- 3 |  4- 6 |  7- 9 | 10-12 | 13-15 || total
-------------------------+-------+-------+-------+-------+-------++-------
Melee: Flail             |    99 |   135 |    72 |       |       ||   306
       Headbutt          |    13 |    35 |    59 |   102 |    67 ||   276
       Great mace        |       |       |   116 |   376 |   176 ||   668
Invok: Bend Time         |       |     1 |     2 |       |     1 ||     4
       Temporal Distorti |       |       |     1 |     1 |     3 ||     5
       Slouch            |       |       |       |     6 |     2 ||     8
       Step From Time    |       |       |       |       |     1 ||     1
  Use: Scroll            |       |    12 |     7 |     3 |    11 ||    33
       Potion            |       |       |     1 |       |     3 ||     4
  Eat: Chunk             |     1 |     4 |     5 |    11 |     6 ||    27
       Ration            |       |       |       |     1 |     1 ||     2
Armor: Scale mail        |    38 |    35 |       |       |       ||    73
       Chain mail        |       |     8 |    87 |    45 |       ||   140
       Plate armour      |       |       |       |   193 |    71 ||   264
Dodge: Dodged            |    25 |    40 |    43 |   139 |   185 ||   432
       Deflected         |       |       |       |     9 |    35 ||    44
Block: Shield            |    48 |    63 |    37 |       |       ||   148
